Map: Lerilak Crest

Players

Reynor - Winner!

  • Race: Zerg Zerg
  • League: Grandmaster

Super

  • Race: Protoss Protoss

Event: Corsair Cup 14

VOD

Have the link to the VOD?

Description

Time

  • Played on: March 21, 2016, 12:18 p.m.
  • Length: 12:06
Show
View Real Time Build Order
Export as new Build Order

Reynor Zerg - Winner!

Build Orders: Hatch First 

Get SALT Encoding   

  12  0:00  Drone  
  13  0:14  Overlord  
  13  0:17  Drone  
  14  0:23  Extractor  
  14  0:24  Drone  
  15  0:33  Drone  
  16  0:37  Drone  
  17  0:54  Hatchery  
  17  0:56  Drone  
  17  1:00  Drone  
  18  1:13  Spawning Pool  
  18  1:16  Drone  
  18  1:19  Extractor  
  18  1:21  Drone  
  18  1:30  Drone  
  19  1:41  Overlord  
  19  1:52  Drone  
  20  1:59  Queen  
  22  2:03  Drone  
  22  2:06  Queen  
  22  2:07  Zergling x2  
  26  2:13  Drone  
  27  2:18  Drone  
  27  2:19  Metabolic Boost  
  28  2:23  Drone  
  29  2:30  Drone  
  29  2:35  Zergling x2  
  29  2:36  Queen  
  31  2:39  Overlord  
  33  2:47  Spore Crawler  
  33  2:50  Zergling x4  
  34  3:00  Drone  
  34  3:04  Zergling x2  
  36  3:10  Drone x2  
  36  3:12  Hatchery  
  37  3:15  Zergling x6  
  40  3:23  Zergling x8  
  44  3:31  Overlord  
  44  3:39  Overlord  
  43  3:50  Drone x2  
  43  3:51  Drone  
  43  3:54  Drone  
  43  3:55  Drone x5  
  50  4:02  Drone  
  50  4:06  Drone  
  50  4:08  Extractor x2  
  49  4:12  Zergling x2  
  49  4:14  Roach Warren  
  49  4:16  Drone  
  51  4:21  Zergling x2  
  52  4:24  Drone  
  52  4:27  Queen  
  52  4:29  Overlord  
  55  4:32  Drone  
  55  4:33  Drone x2  
  55  4:34  Zergling x2  
  55  4:37  Zergling x6  
  55  4:38  Zergling x2  
  63  4:41  Overlord  
  63  4:52  Spore Crawler  
  62  4:53  Spore Crawler  
  62  4:54  Roach x2  
  62  4:55  Roach x2  
  62  4:56  Spore Crawler  
  62  4:57  Roach  
  70  5:05  Roach x2  
  70  5:06  Roach  
  76  5:12  Roach x2  
  77  5:22  Roach x2  
  77  5:25  Overlord  
  77  5:27  Roach  
  76  5:30  Zergling x6  
  76  5:31  Roach  
  76  5:32  Drone x2  
  80  5:36  Zergling x2  
  81  5:43  Overlord  
  81  5:44  Overlord  
  81  5:46  Roach x2  
  85  5:59  Ravager  
  85  6:00  Overlord  
  85  6:02  Roach x2  
  90  6:07  Zergling x10  
  90  6:08  Zergling x2  
  96  6:13  Drone, Queen  
  96  6:14  Drone x2  
  101  6:24  Roach x3  
  101  6:25  Roach x2  
  107  6:34  Drone x4  
  104  6:41  Ravager  
  104  6:44  Drone x6  
  111  6:51  Drone  
  111  6:52  Drone x2  
  111  6:53  Overlord  
  111  6:54  Overlord  
  114  7:01  Overlord  
  114  7:02  Overlord  
  114  7:04  Overlord  
  114  7:05  Evolution Chamber  
  114  7:07  Extractor, Lair  
  112  7:15  Zergling x8  
  116  7:16  Zergling x8  
  116  7:19  Drone  
  119  7:25  Roach x4  
  119  7:28  Drone x2  
  127  7:35  Extractor, Zerg Missile Weapons Level 1  
  127  7:36  Extractor  
  123  7:38  Zergling x4  
  123  7:42  Zergling x2  
  126  7:49  Zergling x2  
  126  7:50  Zergling x2  
  126  7:51  Zergling x2  
  129  7:56  Overlord  
  129  8:02  Zergling x4  
  131  8:08  Drone  
  131  8:09  Drone x5  
  131  8:10  Extractor  
  131  8:12  Hydralisk Den  
  132  8:16  Drone x5  
  132  8:19  Drone  
  136  8:20  Glial Reconstitution  
  136  8:28  Roach x3  
  142  8:37  Hatchery, Drone  
  142  8:40  Hydralisk x3  
  142  8:41  Hydralisk  
  148  8:43  Muscular Augments  
  148  8:48  Hydralisk x2  
  150  8:51  Overlord, Hydralisk  
  150  8:54  Hatchery  
  154  9:00  Hydralisk x3  
  155  9:07  Hydralisk x2  
  158  9:13  Hydralisk x2  
  158  9:15  Zergling x2  
  158  9:16  Zergling x10  
  164  9:19  Overseer  
  164  9:20  Hydralisk  
  164  9:23  Hydralisk  
  168  9:35  Overlord x3  
  168  9:53  Hydralisk x2  
  168  9:54  Hydralisk x8  
  185  10:01  Hydralisk x3  
  188  10:11  Roach x4  
  188  10:12  Overlord x2  
  194  10:27  Roach x6  
  191  10:32  Roach x3  
  191  10:33  Hydralisk x2  
  175  10:38  Hydralisk x2  
  149  10:44  Hydralisk x3  
  149  10:46  Zergling x6  
  149  10:56  Drone x7  
  149  10:57  Drone  
  149  11:03  Hydralisk x3  
  153  11:07  Roach x2  
  157  11:12  Hydralisk x2  
  157  11:16  Roach x2  
  157  11:17  Roach  
  142  11:25  Hydralisk x2  
  142  11:26  Hydralisk x2  
  142  11:30  Hydralisk  
  142  11:31  Hydralisk  
  142  11:33  Hydralisk  
  142  11:38  Hydralisk x3  
  140  11:40  Zergling x2  
  140  11:41  Zergling x2  
Show
View Real Time Build Order
Export as new Build Order

Super Protoss 

Build Orders: Mass Adepts 

Get SALT Encoding   

  12  0:01  Probe (Chrono Boost)  
  13  0:13  Pylon  
  13  0:18  Probe (Chrono Boost)  
  14  0:32  Gateway  
  14  0:34  Probe (Chrono Boost)  
  15  0:41  Assimilator  
  15  0:45  Probe (Chrono Boost)  
  16  0:55  Probe (Chrono Boost)  
  17  1:00  Gateway  
  17  1:06  Probe (Chrono Boost)  
  18  1:16  Probe (Chrono Boost)  
  19  1:19  Cybernetics Core  
  19  1:27  Probe (Chrono Boost)  
  19  1:29  Pylon  
  20  1:37  Probe (Chrono Boost)  
  23  1:48  Probe (Chrono Boost)  
  24  1:56  Adept x2, Warp Gate (Chrono Boost)  
  26  2:16  Nexus  
  26  2:28  Adept x2  
  30  2:35  Pylon  
  29  2:42  Assimilator  
  30  2:44  Probe  
  30  2:56  Probe  
  31  3:07  Twilight Council  
  31  3:08  Probe  
  32  3:13  Adept x2  
  36  3:20  Probe  
  37  3:29  Probe (Chrono Boost)  
  37  3:32  Probe (Chrono Boost)  
  39  3:37  Resonating Glaives (Chrono Boost)  
  39  3:40  Probe (Chrono Boost)  
  40  3:44  Probe (Chrono Boost)  
  41  3:51  Adept x2  
  41  3:53  Probe  
  46  4:02  Probe  
  46  4:05  Probe  
  48  4:10  Robotics Facility  
  48  4:12  Pylon  
  48  4:15  Probe  
  48  4:17  Probe (Chrono Boost)  
  48  4:24  Adept x2  
  52  4:31  Mothership Core (Chrono Boost)  
  56  4:33  Probe (Chrono Boost)  
  56  4:35  Pylon  
  57  4:42  Gateway  
  58  4:45  Probe (Chrono Boost)  
  58  4:53  Adept x2  
  58  4:56  Probe (Chrono Boost)  
  58  4:57  Probe (Chrono Boost), Observer  
  65  5:06  Probe (Chrono Boost)  
  66  5:07  Pylon  
  66  5:09  Probe (Chrono Boost)  
  62  5:17  Adept  
  62  5:18  Adept  
  60  5:22  Probe (Chrono Boost)  
  60  5:23  Probe (Chrono Boost)  
  60  5:27  Immortal (Chrono Boost)  
  60  5:34  Probe (Chrono Boost)  
  60  5:35  Probe (Chrono Boost)  
  58  5:46  Probe x2 (Chrono Boost)  
  58  5:48  Stalker x2  
  62  5:54  Stalker  
  68  6:07  Probe  
  68  6:08  Probe  
  70  6:12  Pylon  
  70  6:19  Pylon  
  70  6:39  Adept  
  68  6:40  Adept x2  
  68  6:42  Robotics Facility  
  72  6:51  Probe x2  
  74  7:00  Robotics Facility  
  74  7:05  Nexus, Probe x2, Assimilator  
  74  7:06  Assimilator  
  76  7:12  Pylon  
  76  7:25  Adept x3, Probe x2  
  83  7:34  Nexus  
  82  7:37  Pylon, Observer (Chrono Boost)  
  82  7:43  Blink (Chrono Boost)  
  84  7:44  Probe x2  
  85  7:53  Immortal (Chrono Boost)  
  89  8:03  Adept  
  89  8:04  Adept x2  
  95  8:24  Nexus  
  95  8:31  Immortal (Chrono Boost)  
  99  8:45  Pylon  
  99  8:48  Pylon  
  99  8:50  Pylon  
  99  9:06  Nexus  
  96  9:10  Probe  
  96  9:11  Probe  
  96  9:15  Immortal x2 (Chrono Boost)  
  104  9:23  Sentry x3  
  110  9:29  Probe  
  110  9:30  Probe  
  110  9:47  Sentry x3  
  110  9:49  Probe x2  
  122  9:53  Immortal (Chrono Boost)  
  122  9:58  Pylon  
  116  10:12  Pylon  
  114  10:15  Pylon  
  114  10:23  Immortal (Chrono Boost)  
  110  10:30  Adept  
  110  10:31  Zealot x2  
  110  10:35  Immortal (Chrono Boost)  
  106  10:36  Probe x2  
  82  10:52  Sentry x3  
  82  10:59  Immortal (Chrono Boost), Probe  
  82  11:00  Probe x2  
  88  11:16  Sentry x2  
  88  11:18  Sentry  
  80  11:20  Probe x2  
  79  11:29  Probe  
  79  11:32  Probe x2  
  53  11:44  Sentry  
  53  11:45  Sentry x2  
Tags
 
Add a new tag
Caveats
  • Supply blocks, unpowered buildings, or Contaminate may cause inaccurate times.
  • Supply counts are checked every 10 seconds.